 Dungeon Crawl Stone Soup version 0.24-a0-434-gd57e52fea8 (webtiles) character file.

Game seed: 10368119656062458751

2436 theanonym the Carver (level 9, -13/57 HPs)
             Began as a Mummy Enchanter on June 15, 2019.
             Mangled by an orc warrior
             ... wielding a +0 glaive
              (19 damage)
             ... on level 6 of the Dungeon.
             The game lasted 00:09:54 (8158 turns).

theanonym the Carver (Mummy Enchanter)              Turns: 8158, Time: 00:09:55

Health: -13/57     AC: 10    Str: 15    XL:     9   Next: 25%
Magic:  13/13      EV:  6    Int: 18    God:
Gold:   278        SH:  4    Dex: 12    Spells: 11/14 levels left

rFire    x . .     SeeInvis .   a - +11 plutonium sword {*Contam Stlth-}
rCold    + + .     Gourm    .   (shield currently unavailable)
rNeg     + + +     Faith    .   o - +0 chain mail
rPois    ∞         Spirit   .   (no helmet)
rElec    .         Reflect  +   h - +1 cloak
rCorr    .         Harm     .   (no gloves)
MR       +....                  (no boots)
Stlth    ..........             j - +4 amulet of reflection
HPRegen  0.19/turn              c - +4 ring of intelligence
MPRegen  0.13/turn              i - ring of protection from cold

@: no status effects
A: no food or potions, fire vulnerability, cold resistance 1, negative energy
resistance 3, torment resistance, unbreathing
a: no special abilities


Innate Abilities, Weirdness & Mutations

You do not eat or drink.
Your flesh is vulnerable to fire.
You are immune to poison.
Your flesh is cold resistant. (rC+)
You are immune to negative energy. (rN+++)
You are immune to unholy pain and torment.
You can survive without breathing.


   Skills:
   Level 1.7(6.5) Short Blades
 + Level 10.0(10.1) Long Blades
 - Level 1.9 Dodging
 - Level 2.7 Stealth
 - Level 3.1 Spellcasting
 - Level 3.0 Hexes


You had 11 spell levels left.
You knew the following spells:

 Your Spells              Type           Power        Failure   Level  Hunger
a - Corona                Hex            ##.....      77%         1    N/A
b - Ensorcelled Hibernat  Hex/Ice        #.....       98%         2    N/A

Your spell library contained the following spells:

 Spells                   Type           Power        Failure   Level  Hunger
 Confusing Touch          Hex            ##....       77%         1    N/A
 Confuse                  Hex            ##......     98%         3    N/A
 Tukima's Dance           Hex            ##......     98%         3    N/A
 Dazzling Spray           Conj/Hex       #.....       100%        3    N/A
 Gell's Gravitas          Tloc           #.........   100%        3    N/A
 Petrify                  Tmut/Erth      #.......     100%        4    N/A
 Metabolic Englaciation   Hex/Ice        #.........   100%        5    N/A
 Yara's Violent Unravell  Hex/Tmut       #.........   100%        5    N/A

Skill      XL: |  1  2  3  4  5  6  7  8  9 |
---------------+----------------------------+-----
Short Blades   | 1 |  1.7
Spellcasting   | 3 |  3.1
Hexes          | 3 |  3.0
Long Blades    | 1 2 3 5 7 9 10 | 10.0
Dodging        | |  1.9
Stealth        | |  2.7

Action                   |  1- 3 |  4- 6 |  7- 9 || total
-------------------------+-------+-------+-------++-------
Melee: Dagger            |   129 |       |       ||   129
       Great sword       |    42 |   174 |   208 ||   424
       Triple sword      |       |       |    85 ||    85
 Cast: Corona            |     2 |       |       ||     2
       Ensorcelled Hiber |     2 |       |       ||     2
  Use: Scroll            |     5 |       |     4 ||     9
 Stab: Sleeping          |     3 |       |       ||     3
Armor: Robe              |     9 |       |       ||     9
       Scale mail        |    65 |   130 |    55 ||   250
       Chain mail        |       |       |   163 ||   163
Dodge: Dodged            |    82 |   100 |   124 ||   306
Block: Other             |    12 |    40 |    61 ||   113
       Reflection        |       |     1 |     6 ||     7
       Rpst.: Great sword |     8 |    40 |    18 ||    66
       Triple sword      |       |       |     8 ||     8

Inventory:

Hand Weapons
 a - the +11 plutonium sword (weapon) {*Contam Stlth-}

   It causes magical contamination when unequipped.
   It makes you less stealthy.
Armour
 b - a +0 pair of boots
 h - a +1 cloak (worn)
 o - a +0 chain mail (worn)
Jewellery
 c - a +4 ring of intelligence (left hand)
 d - an uncursed amulet of faith
 i - a ring of protection from cold (right hand)
 j - a +4 amulet of reflection (around neck)
Scrolls
 e - a scroll of enchant armour
 f - 3 scrolls of fog
 m - a scroll of enchant weapon
 n - 3 scrolls of remove curse
 r - 4 scrolls of identify
 t - 3 scrolls of teleportation


You were on level 6 of the Dungeon.
You were not hungry.

You visited 2 branches of the dungeon, and saw 7 of its levels.
You also visited: Sewer.

You collected 278 gold pieces.

Dungeon Overview and Level Annotations

Branches:
Dungeon (6/15)             Temple (1/1) D:4

Altars:
Ashenzari
Cheibriados
Dithmenos
Elyvilon
Fedhas
Gozag
Hepliaklqana
Makhleb
Nemelex Xobeh
Okawaru
Qazlal
Ru
Sif Muna
Trog
Uskayaw
Vehumet
Xom
Zin
The Shining One

........#####......
......................#
...................?..# .
###+##...............(#...
...... #......##.....#...o....#
...... #......##..............#
......
#......##..............#.......
#......##..............#.......
#......##.....@.o.o..... o.....
#'#####..............#.##).....
....).'....................#
...###................#####+##
......................####....
##.......................+....
##..♣..................####....
#..............................
#.....♣...........)............


You could see an orc warrior and 2 orcs.

Notes
Turn   | Place    | Note
-------+----------+-------------------------------------------
     0 | D:1      | theanonym the Mummy Enchanter began the quest for the Orb.
     0 | D:1      | Reached XP level 1. HP: 13/13 MP: 4/4
   207 | D:1      | Reached skill level 1 in Short Blades
   207 | D:1      | Reached XP level 2. HP: 16/19 MP: 1/5
   245 | D:1      | Learned a level 2 spell: Ensorcelled Hibernation
   284 | D:1      | Reached skill level 3 in Spellcasting
   729 | D:1      | Reached XP level 3. HP: 24/24 MP: 7/7
   752 | D:1      | Reached skill level 3 in Hexes
  1371 | D:2      | Noticed Natasha
  1377 | D:2      | HP: 8/24 [Natasha/magic dart (8)]
  1380 | D:2      | HP: 1/24 [Natasha (7)]
  1657 | D:2      | Found a sacrificial altar of Ru.
  1908 | D:2      | Reached skill level 1 in Long Blades
  2032 | D:2      | HP: 11/24 [Natasha (7)]
  2033 | D:2      | Killed Natasha
  2033 | D:2      | Reached XP level 4. HP: 13/30 MP: 8/8
  2182 | D:2      | Noticed Natasha
  2190 | D:2      | Killed Natasha
  2190 | D:2      | Reached skill level 2 in Long Blades
  2321 | D:2      | Reached XP level 5. HP: 31/35 MP: 9/9
  2632 | D:2      | Noticed Natasha
  2638 | D:2      | Killed Natasha
  2824 | D:2      | Found a sacrificial altar of Ru.
  3175 | D:3      | Reached skill level 3 in Long Blades
  3355 | D:3      | Noticed Jessica
  3388 | D:3      | Killed Jessica
  3421 | D:3      | Found a glowing drain.
  3444 | Sewer    | Entered a sewer
  3495 | Sewer    | Reached XP level 6. HP: 40/41 MP: 10/10
  3535 | Sewer    | HP: 20/41 [big kobold/stone (3)]
  3543 | Sewer    | Reached skill level 4 in Long Blades
  3924 | Sewer    | Reached skill level 5 in Long Blades
  3930 | Sewer    | Reached XP level 7. HP: 43/46 MP: 11/11
  4025 | Sewer    | HP: 23/46 [big kobold (1)]
  4031 | Sewer    | Reached skill level 6 in Long Blades
  4522 | D:3      | Noticed Terence
  4530 | D:3      | Killed Terence
  5010 | D:4      | HP: 23/46 [iguana (1)]
  5013 | D:4      | Found a bloodstained altar of Trog.
  5169 | D:4      | Reached skill level 7 in Long Blades
  5240 | D:4      | Reached XP level 8. HP: 43/52 MP: 12/12
  5372 | D:4      | HP: 20/52 [ogre/cursed +0 giant club (20)]
  5564 | D:4      | Found a staircase to the Ecumenical Temple.
  5573 | Temple   | Entered the Ecumenical Temple
  6086 | D:5      | Entered Level 5 of the Dungeon
  6086 | D:5      | Found the +11 plutonium sword {*Contam Stlth-}
  6257 | D:5      | Reached skill level 8 in Long Blades
  6441 | D:5      | HP: 18/52 [ogre/+0 giant spiked club (11)]
  6473 | D:5      | HP: 23/52 [hound (1)]
  6483 | D:5      | HP: 14/52 [scorpion (7)]
  6837 | D:5      | Reached skill level 9 in Long Blades
  6961 | D:6      | Reached XP level 9. HP: 57/57 MP: 13/13
  7601 | D:5      | HP: 26/57 [orc warrior/+0 war axe (3)]
  8008 | D:6      | Reached skill level 10 in Long Blades
  8156 | D:6      | HP: 23/57 [orc warrior/+0 glaive (19)]
  8157 | D:6      | HP: 6/57 [orc warrior/+0 glaive (17)]
  8158 | D:6      | Mangled by an orc warrior

Vanquished Creatures
  A hungry ghost (D:5)
  A sky beast (D:5)
  An orc warrior (D:5)
  5 ogres
  2 centaurs
  7 big kobolds (Sewer)
  2 scorpions
  A howler monkey (D:5)
  A crimson imp (D:5)
  A bullfrog skeleton (D:5)
  2 orc priests (D:5)
  A bullfrog zombie (D:3)
  3 hounds
  3 orc wizards
  Terence (D:3)
  Jessica (D:3)
  2 iguanas
  Natasha (thrice) (D:2)
  2 worker ants
  4 hound zombies
  A howler monkey zombie (D:4)
  4 worker ant zombies
  A gnoll (D:1)
  9 adders
  5 oozes (Sewer)
  An adder skeleton (D:4)
  2 adder zombies (D:4)
  4 worms
  A dart slug (D:3)
  8 leopard geckos
  15 orcs
  2 ball pythons
  6 giant cockroaches
  8 goblins
  5 hobgoblins
  9 jackals
  3 quokkas
  10 bats
  3 frilled lizards
  2 giant cockroach zombies (D:4)
  A jackal zombie (D:4)
  13 kobolds
  A leopard gecko skeleton (D:5)
  A leopard gecko zombie (D:4)
  2 quokka skeletons (D:4)
  8 rats
169 creatures vanquished.

Table legend:
 A = Turns spent in this place as a percentage of turns spent in the entire game.
 B = Non-inter-level travel turns spent in this place as a percentage of non-inter-level travel turns spent in the entire game.
 C = Inter-level travel turns spent in this place as a percentage of turns spent in this place.
 D = Turns resting spent in this place as a percentage of non-inter-level travel turns spent in this place.
 E = Turns spent auto-exploring this place as a percentage of non-inter-level travel turns spent in this place.
 F = Non-inter-level travel turns spent in this place divided by the number of levels of this place that you've seen.
                   A       B       C       D       E      F
               +-------+-------+-------+-------+-------+----------------------
         Total | 100.0 | 100.0 |   2.8 |  39.8 |  43.6 | 991.1
       Dungeon |  85.3 |  85.1 |   3.1 |  39.8 |  44.7 | 1124.5
        Temple |   1.7 |   1.6 |  10.7 |   0.0 |  98.4 | 125.0
         Sewer |  13.0 |  13.3 |   0.0 |  44.3 |  29.7 | 1057.0
               +-------+-------+-------+-------+-------+----------------------
